 Dungeon Crawl Stone Soup version 0.28-a0-472-g50180c0d78 (webtiles) character file.

Game seed: 4642496750362052464

4967 Morbidden the Grappler (level 10, -1/91 HPs)
             Began as a Troll Earth Elementalist on Sept 15, 2021.
             Was a Priest of Cheibriados.
             Slain by a yak (13 damage)
             ... on level 10 of the Dungeon.
             The game lasted 00:08:43 (9562 turns).

Morbidden the Grappler (Troll Earth Elementalist)   Turns: 9562, Time: 00:08:44

Health: -1/91      AC:  3    Str: 25    XL:     10   Next: 28%
Magic:  13/13      EV: 12    Int: 27    God:    Cheibriados [***...]
Gold:   490        SH:  5    Dex: 17    Spells: 11/15 levels left

rFire   + . .      SeeInvis .     - Unarmed
rCold   . . .      Faith    .   (no shield)
rNeg    . . .      Spirit   .   m - +0 robe {rF+}
rPois   .          Reflect  +   (helmet restricted)
rElec   .          Harm     .   u - +2 cloak
rCorr   .          Rampage  .   (gloves unavailable)
Will    .....                   (boots unavailable)
Stlth   ++........              E - amulet of reflection
HPRegen 1.25/turn               i - +4 ring of slaying
MPRegen 0.13/turn               w - +6 ring of intelligence

@: corroded, very slow
A: large, unfitting armour, claws 3, regeneration 1, shaggy fur 1, tough skin 1
a: Renounce Religion, Bend Time, Temporal Distortion


You were on level 10 of the Dungeon.
You worshipped Cheibriados.
Cheibriados was most pleased with you.
You visited 2 branches of the dungeon, and saw 10 of its levels.

You collected 490 gold pieces.

Inventory:

Missiles
 c - 312 stones
 t - 8 boomerangs
Armour
 m - a +0 robe of fire resistance (worn)
 u - a +2 cloak (worn)
Magical Staves
 L - a staff of air
Jewellery
 d - a +6 ring of dexterity
 i - a +4 ring of slaying (left claw)
 w - a +6 ring of intelligence (right claw)
 B - a ring of see invisible
 D - a ring of willpower
 E - an amulet of reflection (around neck)
 H - a ring of positive energy
 I - a ring of resist corrosion
Wands
 k - a wand of flame (37)
 C - a wand of polymorph (11)
 K - a wand of iceblast (10)
Scrolls
 b - 5 scrolls of magic mapping {unknown}
 e - 4 scrolls of noise {unknown}
 f - 3 scrolls of immolation {unknown}
 g - 7 scrolls of identify
 p - 5 scrolls of teleportation
 r - 6 scrolls of enchant armour
 x - a scroll of holy word {unknown}
 y - a scroll of acquirement {unknown}
 A - 2 scrolls of brand weapon {unknown}
 F - 2 scrolls of blinking
 G - 3 scrolls of silence
Potions
 a - a potion of lignification
 h - 2 potions of heal wounds
 j - a potion of might {unknown}
 l - a potion of magic {unknown}
 n - 2 potions of degeneration {unknown}
 o - 5 potions of curing {unknown}
 q - 2 potions of haste {unknown}
 s - a potion of resistance {unknown}
 v - a potion of mutation {unknown}
 z - a potion of ambrosia {unknown}
 J - a potion of flight {unknown}


   Skills:
 * Level 3.5 Fighting
 * Level 4.7 Dodging
 + Level 2.3 Stealth
 * Level 9.2 Unarmed Combat
 * Level 3.1 Spellcasting
 * Level 3.6 Transmutations
 * Level 5.2 Earth Magic
 * Level 3.1 Invocations


You had 11 spell levels left.
You knew the following spells:

 Your Spells              Type           Power      Damage    Failure   Level
a - Sandblast             Erth           64%        2d14      1%          1
b - Stone Arrow           Conj/Erth      36%        3d9       9%          3

Your spell library contained the following spells:

 Spells                   Type           Power      Damage    Failure   Level
 Passwall                 Tmut/Erth      23%        N/A       2%          2
 Magic Dart               Conj           16%        1d3       9%          1
 Corpse Rot               Necr/Air       N/A        N/A       13%         2
 Ensorcelled Hibernation  Hex/Ice        8%         N/A       13%         2
 Poisonous Vapours        Pois/Air       8%         N/A       13%         2
 Searing Ray              Conj           8%         2d4       13%         2
 Petrify                  Tmut/Erth      28%        N/A       14%         4
 Tukima's Dance           Hex            4%         N/A       26%         3
 Fulminant Prism          Conj/Hex       2%         3d6       65%         4


Dungeon Overview and Level Annotations

Branches:
Dungeon (8/15)             Temple (1/1) D:5
   Lair: D:8-11

Altars:
Ashenzari
Cheibriados
Dithmenos
Kikubaaqudgha
Qazlal
Ru
Zin


Innate Abilities, Weirdness & Mutations

You are too large for most types of armour.
You have claws for hands.
Your natural rate of healing is unusually fast.
You are covered in fur. (AC +1)
You have tough skin. (AC +1)


Message History

* * * LOW HITPOINT WARNING * * *
Unknown command.
You are too injured to fight recklessly!
Unknown command.
You are too injured to fight recklessly!
Unknown command.
You claw the acid dragon!
You kill the acid dragon!
Cheibriados thoroughly appreciates the change of pace.
Cheibriados raises the support of your attributes as your movement slows.
The acid dragon scales are intact enough to wear.
Unknown command.
Unknown command.
You scratch the yak.
The yak is lightly wounded.
You block the yak's attack.
You barely miss the yak.
The yak is lightly wounded.
The yak misses you.
You mangle the yak!!
The yak is heavily wounded.
The yak gores you!
* * * LOW HITPOINT WARNING * * *
Unknown command.
Unknown command.
You scratch the yak.
The yak is heavily wounded.
Unknown command.
Unknown command.
Unknown command.
You claw the yak!
The yak is almost dead.
The yak gores you.
* * * LOW HITPOINT WARNING * * *
Unknown command.
Unknown command.
You scratch the yak.
The yak is almost dead.
The yak gores you!
You die...

#.##.## ##...##
#.# #.####
##+## #. #.# #.
#.######
#......#
#..###.# # #..#
#.# ...
#..###.###....)
#..##..@YY..$..
#.....†####....
######## .


You could see 2 yaks.

Vanquished Creatures
  Pikel (D:4)
  Prince Ribbit (D:7)
  A vampire (D:10)
  A wyvern (D:6)
  A wraith (D:10)
  7 yaks (D:10)
  2 acid dragons
  A water moccasin (D:7)
  Duvessa (D:5)
  An orc warrior (D:7)
  5 necrophages
  A hornet zombie (D:7)
  An ogre (D:5)
  A lemure (D:4)
  A centaur (D:6)
  A kobold brigand (D:8)
  Blork the orc (D:4)
  A bullfrog (D:6)
  A gnoll sergeant (D:7)
  2 scorpions (D:5)
  Dowan (D:5)
  A water moccasin skeleton (D:4)
  10 wights
  3 howler monkeys
  2 hounds
  A gnoll shaman (D:8)
  An orc priest (D:5)
  3 centaur skeletons
  Crazy Yiuf (D:3)
  Jessica (D:3)
  An iguana (D:6)
  Natasha (thrice) (D:3)
  An orc wizard (D:5)
  A hound skeleton (D:4)
  9 gnolls
  7 adders
  A shadow imp (D:7)
  A white imp (D:5)
  An ufetubus (D:3)
  A worm (D:2)
  2 dart slugs
  23 orcs
  9 endoplasms
  6 giant cockroaches
  11 goblins
  11 hobgoblins
  A jackal (D:3)
  4 quokkas
  6 ball pythons
  5 bats
  4 frilled lizards
  11 kobolds
  3 rats
178 creatures vanquished.

Vanquished Creatures (others)
  A fungus (D:3)
1 creature vanquished.

Grand Total: 179 creatures vanquished

Notes
Turn   | Place    | Note
-------+----------+-------------------------------------------
     0 | D:1      | Morbidden the Troll Earth Elementalist began the quest for
                  | the Orb.
     0 | D:1      | Reached XP level 1. HP: 16/16 MP: 1/1
   314 | D:1      | Reached XP level 2. HP: 24/24 MP: 2/2
   669 | D:1      | Found a faded altar of an unknown god.
   921 | D:2      | Reached XP level 3. HP: 26/32 MP: 4/4
   934 | D:2      | Reached skill level 1 in Unarmed Combat
   934 | D:2      | Reached skill level 1 in Transmutations
  2057 | D:3      | Reached XP level 4. HP: 40/40 MP: 5/5
  2109 | D:3      | Noticed Natasha
  2118 | D:3      | Killed Natasha
  2127 | D:3      | Noticed Jessica
  2136 | D:3      | Killed Jessica
  2137 | D:3      | Reached skill level 2 in Unarmed Combat
  2144 | D:3      | Reached skill level 1 in Fighting
  2247 | D:3      | Reached XP level 5. HP: 48/48 MP: 6/6
  2698 | D:3      | Noticed Natasha
  2702 | D:3      | Killed Natasha
  3044 | D:3      | Found a runed translucent door.
  3045 | D:3      | Noticed Crazy Yiuf
  3054 | D:3      | Killed Crazy Yiuf
  3265 | D:3      | Noticed Natasha
  3279 | D:3      | Killed Natasha
  3280 | D:3      | Reached skill level 3 in Unarmed Combat
  3280 | D:3      | Reached XP level 6. HP: 39/55 MP: 7/7
  4747 | D:4      | Found a sacrificial altar of Ru.
  5031 | D:4      | Noticed Blork the orc
  5038 | D:4      | Killed Blork the orc
  5118 | D:4      | Noticed Pikel
  5141 | D:4      | Killed Pikel
  5142 | D:4      | Reached skill level 5 in Unarmed Combat
  5142 | D:4      | Reached XP level 7. HP: 33/63 MP: 7/9
  5397 | D:5      | Entered Level 5 of the Dungeon
  5397 | D:5      | Found a staircase to the Ecumenical Temple.
  5416 | Temple   | Entered the Ecumenical Temple
  5428 | Temple   | Became a worshipper of Cheibriados the Contemplative
  5484 | D:5      | Reached XP level 8. HP: 37/72 MP: 10/10
  5547 | D:5      | Noticed Duvessa
  5549 | D:5      | Noticed Dowan
  5554 | D:5      | Killed Dowan
  5574 | D:5      | Killed Duvessa
  5987 | D:5      | Reached skill level 6 in Unarmed Combat
  5987 | D:5      | Reached skill level 1 in Invocations
  5991 | D:5      | Learned a level 3 spell: Stone Arrow
  6292 | D:6      | Reached * piety under Cheibriados
  6847 | D:6      | Reached skill level 7 in Unarmed Combat
  6847 | D:6      | Reached XP level 9. HP: 76/80 MP: 11/11
  7791 | D:7      | Noticed Prince Ribbit
  7796 | D:7      | Killed Prince Ribbit
  7967 | D:7      | Reached ** piety under Cheibriados
  8397 | D:7      | Reached skill level 8 in Unarmed Combat
  9069 | D:8      | You fall into a shaft and drop 2 floors!
  9069 | D:10     | Entered Level 10 of the Dungeon
  9082 | D:10     | Reached *** piety under Cheibriados
  9083 | D:10     | Reached skill level 5 in Earth Magic
  9090 | D:10     | Reached XP level 10. HP: 40/91 MP: 13/13
  9459 | D:10     | Reached skill level 9 in Unarmed Combat
  9562 | D:10     | Slain by a yak

Illustrated notes

Levels and vault maps discovered:
D:1:      ebering_trefoil_twist, layout_loops_ring, serial_co_window_serial,
          co_window_paths_a, co_window_corner_a, co_window_corner_a,
          co_window_paths_b, co_window_paths_b, co_window_corner_b,
          co_window_of_opportunity_b, co_window_of_opportunity_b,
          co_window_unsneaky_path_e, co_window_unsneaky_path_d,
          co_window_unsneaky_path_d, co_window_2corner,
          chequers_ecumenical_altar_grove, minmay_tiny_reverse_x
D:2:      layout_basic
D:3:      layout_basic, minmay_joined_circles, uniq_crazy_yiuf_cottage,
          uniq_natasha, uniq_jessica
D:4:      layout_loops_ring, mainiacjoe_overflow_boulevard, uniq_pikel,
          uniq_blork_the_orc
D:5:      layout_rooms, minmay_temple_entry_stoned_glass, uniq_duvessa
D:6:      layout_basic
D:7:      layout_basic, uniq_prince_ribbit1
D:8:      layout_loops_cross
D:10:     layout_loops_corners, uniq_erica
Temple:   regret_index_temple_sigil_plot

Skill      XL: |  1  2  3  4  5  6  7  8  9 10 |
---------------+-------------------------------+-----
Earth Magic    | 3 4 5 |  5.2
Unarmed Combat | 1 2 3 5 7 8 9 |  9.2
Transmutations | 1 2 3 |  3.6
Fighting       | 1 2 3 |  3.5
Dodging        | 2 3 4 |  4.7
Spellcasting   | 2 3 |  3.1
Invocations    | 1 2 3 |  3.1
Stealth        | 2 |  2.3

Action                   |  1- 3 |  4- 6 |  7- 9 | 10-12 || total
-------------------------+-------+-------+-------+-------++-------
Melee: Unarmed           |   108 |   180 |   236 |    37 ||   561
       Punch             |       |     3 |    13 |     6 ||    22
 Cast: Sandblast         |     2 |     4 |    24 |       ||    30
  Use: Potion            |       |       |     3 |       ||     3
       Scroll            |       |       |     5 |       ||     5
 Stab: Sleeping          |     8 |    10 |     5 |       ||    23
Armor: Robe              |    37 |    50 |    80 |     3 ||   170
       Skin              |       |       |     6 |       ||     6
Dodge: Dodged            |    48 |   103 |   126 |    18 ||   295
Block: Other             |       |       |       |     1 ||     1

Table legend: (Time is in decaauts)
 A = Elapsed time spent in this place.
 B = Non-inter-level travel time spent in this place.
 C = Inter-level travel time spent in this place.
 D = Time resting spent in this place.
 E = Time spent auto-exploring this place.
 F = Levels seen in this place.
 G = Mean time per level.
                   A        B        C        D        E       F      G
               +--------+--------+--------+--------+--------+-----+--------+
         Total |  10737 |  10365 |    372 |    800 |   8146 |  10 | 1073.7 |
       Dungeon |  10714 |  10351 |    363 |    800 |   8140 |   9 | 1190.4 |
        Temple |     22 |     13 |      9 |      0 |      6 |   1 |   22.0 |
               +--------+--------+--------+--------+--------+-----+--------+

Top non-repeatable levels by time:
     D:3: 2786 daAuts
     D:6: 1634 daAuts
     D:7: 1340 daAuts
     D:2: 1026 daAuts
     D:5: 956 daAuts
     D:1: 909 daAuts
     D:8: 750 daAuts
     D:4: 660 daAuts
    D:10: 650 daAuts
  Temple: 22 daAuts
